 Dungeon Crawl Stone Soup version 0.17.1-3-g152610e (webtiles) character file.

258947 jacquesderrida the Warrior (level 19, -9/192 HPs)
             Began as a Demonspawn Earth Elementalist on Mar 21, 2016.
             Was the Champion of Makhleb.
             Mangled by a vault warden
             ... wielding a +0 broad axe
              (23 damage)
             ... on level 5 of the Vaults on Mar 30, 2016.
             The game lasted 03:08:19 (25275 turns).

jacquesderrida the Warrior (DsEE)                  Turns: 25275, Time: 03:08:20

Health: -9/192     AC: 19    Str: 14    XL:     19   Next: 13%
Magic:  21/32      EV: 23    Int: 19    God:    Makhleb [******]
Gold:   1591       SH:  6    Dex: 18    Spells: 7 memorised, 19 levels left

rFire  + + .     SeeInvis .     a - +8 autumn katana {slice, Clar}
rCold  + . .     Clarity  +     x - +2 ring mail {rF+}
rNeg   . . .     SustAt   .     v - +0 buckler
rPois  .         Gourm    .     k - +1 helmet
rElec  .         Spirit   .     t - +0 cloak (curse)
rCorr  .         Warding  .     z - +1 pair of gloves
rMut   .         Stasis   .     (boots unavailable)
MR     +....                    L - amulet of Vitality {Regen+ HP+15}
Stlth  ..........               q - ring of Anoclem {rF+ Str+4 Slay+4 Stlth-}
                                H - +4 ring of evasion

@: very slightly contaminated, regenerating, somewhat resistant to hostile
enchantments, extremely unstealthy
A: talons 3, slimy green scales 2, cold resistance 1, demonic guardian 2,
icemail, robust 1, freezing cloud immunity
a: Minor Destruction, Lesser Servant of Makhleb, Major Destruction, Greater
Servant of Makhleb, Renounce Religion
}: 2/15 runes: barnacled, gossamer


You were on level 5 of the Vaults.
You worshipped Makhleb.
Makhleb was exalted by your worship.
You were not hungry.

You visited 9 branches of the dungeon, and saw 42 of its levels.
You also visited: Ossuary and Ice Cave.

You collected 5295 gold pieces.
You spent 3704 gold pieces at shops.

Inventory:

Hand Weapons
 a - the +8 autumn katana (weapon) {slice, Clar}
   (You found it on level 14 of the Dungeon)

   It inflicts extra damage upon your enemies.
   It protects you against confusion.
 g - a +0 blowgun
 D - a +0 triple sword
Missiles
 p - 60 poisoned needles
 r - 6 throwing nets (quivered)
Armour
 k - a +1 helmet (worn)
 t - a cursed +0 cloak (worn)
 v - a +0 buckler (worn)
 x - a +2 ring mail of fire resistance (worn)
 z - a +1 pair of gloves (worn)
 B - a +0 fire dragon armour
 G - a +1 leather armour of poison resistance
Jewellery
 b - an uncursed ring of flight
 h - an uncursed ring of see invisible
 q - the ring of Anoclem (right hand) {rF+ Str+4 Slay+4 Stlth-}
   (You bought it in a shop on level 4 of the Dungeon)

   [ring of strength]

   It affects your strength (+4).
   It affects your accuracy and damage with ranged weapons and melee attacks
   (+4).
   It protects you from fire.
   It makes you less stealthy.
 u - the ring "Viqelug" {rPois rF+ MR++ MP-9 Stlth+}
   (You bought it in a shop on level 4 of the Orcish Mines)

   [ring of poison resistance]

   It protects you from fire.
   It protects you from poison.
   It affects your resistance to hostile enchantments.
   It affects your magic capacity (-9).
   It makes you more stealthy.
 H - a +4 ring of evasion (left hand)
 I - an uncursed ring of protection from magic
 J - the amulet of Nebbos {Clar MR++ Str+4 Int+3}
   (You bought it in a shop on level 4 of the Dungeon)

   [amulet of clarity]

   It provides mental clarity.
   It affects your strength (+4).
   It affects your intelligence (+3).
   It affects your resistance to hostile enchantments.
 L - the amulet of Vitality (around neck) {Regen+ HP+15}
   (You took it off a merfolk on level 4 of the Shoals)

   [amulet of regeneration]

   It affects your health (+15).
   It increases your rate of regeneration.
Wands
 E - a wand of enslavement (14)
 F - a wand of fire (1)
 M - a wand of digging (3)
 W - a wand of confusion (31)
Scrolls
 e - 3 scrolls of teleportation
 f - 10 scrolls of identify
 i - 9 scrolls of remove curse
 j - 5 scrolls of enchant armour
 w - 3 scrolls of immolation
 y - 2 scrolls of recharging
 C - a scroll of silence
 K - a scroll of fog
 O - a scroll of magic mapping
 R - a scroll of summoning
 S - 2 scrolls of vulnerability
 U - 6 scrolls of enchant weapon
 Y - 6 scrolls of amnesia
Potions
 m - 3 potions of ambrosia
 o - 2 potions of brilliance
 Q - a potion of cure mutation
 X - 2 potions of invisibility
 Z - a potion of magic
Books
 P - an Akashic Record

   Spells                             Type                      Level
   a - Dispersal                      Translocation                6
   b - Malign Gateway                 Summoning/Translocation      7
   c - Disjunction                    Translocation                8
   d - Controlled Blink               Translocation                8
Miscellaneous
 c - a phantom mirror
 s - a sack of spiders {used: 12}
Comestibles
 d - 18 bread rations
 n - 11 meat rations


   Skills:
 + Level 17.0 Fighting
   Level 3.2(10.4) Short Blades
 - Level 14.8(14.9) Long Blades
   Level 0.6 Maces & Flails
 - Level 12.5 Armour
 + Level 12.0 Dodging
 - Level 1.7 Stealth
 - Level 6.5 Shields
 + Level 9.4 Spellcasting
 + Level 11.5 Charms
 - Level 5.0 Necromancy
 - Level 0.8 Transmutations
 - Level 2.6 Earth Magic
 - Level 5.3 Invocations


You had 19 spell levels left.
You knew the following spells:

 Your Spells              Type           Power        Failure   Level  Hunger
a - Sandblast             Erth           ###...       4%          1    None
b - Stoneskin             Trmt/Erth      ###.....     12%         2    None
d - Haste                 Chrm           ######..     21%         6    ######.
e - Apportation           Tloc           #.........   17%         1    None
m - Repel Missiles        Chrm/Air       ####..       1%          2    None
r - Regeneration          Chrm/Necr      #####.....   1%          3    None
B - Blink                 Tloc           N/A          24%         2    None


Dungeon Overview and Level Annotations

Branches:
Dungeon (15/15)            Temple (1/1) D:4            Lair (6/8) D:8
 Shoals (4/4) Lair:6       Spider (4/4) Lair:3          Orc (4/4) D:9
    Elf (2/3) Orc:4        Vaults (5/5) D:14          Crypt (1/3) Vaults:3
 Depths (0/5) D:15
  Slime: Lair:6-8

Altars:
Dithmenos
Elyvilon
Fedhas
Gozag
Kikubaaqudgha
Makhleb
Okawaru
Ru
Trog
Xom
Yredelemnul
Zin

Shops:
D:4 *=*   D:7 (*==(   D:9 !   D:10 }   Orc:4 [*:(=   Shoals:3 ==

Annotations:
D:6 jacquesderrida's ghost, amateur DsVM
D:8 kaze's ghost, novice MiFi
D:9 exclusion: door
D:10 1 exclusion


Innate Abilities, Weirdness & Mutations

You have claws for feet.
You are mostly covered in slimy green scales (AC +3).
Your flesh is cold resistant.
A demonic guardian rushes to your aid.
A meltable icy envelope protects you from harm (AC +0).
You are robust (+10% HP).
You are immune to freezing clouds.


Message History

Unknown command.
Drink which item? (? for menu, Esc to quit)
You feel better.
The vault warden hits you from afar with a bardiche!
* * * LOW HITPOINT WARNING * * *
The yaktaur hits you but does no damage.
The vault warden completely misses you.
Unknown command.
Drink which item? (? for menu, Esc to quit)
Okay, then.
Read which item? (? for menu, Esc to quit)
Okay, then.
You barely miss the vault warden. The yaktaur hits you!
* * * LOW HITPOINT WARNING * * *
You block the vault warden's attack.
Unknown command.
You barely miss the vault warden.
You claw the vault warden, but do no damage.
The vault warden hits you with a broad axe!!
You die...

##############
.......(.....#
....c.)......#
##########*.....#
#@#(#.#.#p#.....#
#c#p#)#.#)#.#....#
#.#.#p#p#.#.#.#...#
#c#c#(#D#Q#.#.#.#..#
#.#.#.#.#p#D#.#.##..#
#.#.#.#p#.#o#*#.#.#..#
#.#.#.#.#.#.#.#.#.##.)#
.#.#.#.#o#.#.#.#.#.#..#
.#.#.#o# .#.#.#.##..#


You could see a shadow dragon, 3 vault wardens, 2 yaktaurs and an orc.

Vanquished Creatures
  Arachne (Spider:4)
  2 tentacled monstrosities (Vaults:5)
  2 quicksilver dragons (Vaults:5)
  Polyphemus (Shoals:2)
  Gastronok (Lair:3)
  A titan (Shoals:3)
  3 sphinxes (Vaults:5)
  A shadow dragon (Vaults:5)
  Agnes (Spider:4)
  Frances (D:14)
  A storm dragon (Vaults:4)
  A frost giant (Vaults:4)
  Ilsuiw (Shoals:4)
  2 tengu reavers (Vaults:5)
  3 vault wardens
  Louise (D:14)
  2 orc warlords
  5 emperor scorpions (Spider:4)
  A curse skull (Crypt:1)
  3 ghost moths
  6 ironheart preservers
  3 war gargoyles (Vaults:5)
  4 stone giants
  4 deep elf demonologists
  Azrael (D:14)
  A deep elf death mage (Elf:1)
  3 ettins
  23 vault guards (Vaults:5)
  4 merfolk javelineers (Shoals:4)
  5 merfolk impalers
  A great orb of eyes (shapeshifter) (Vaults:5)
  The ghost of pipel the Grappler, a journeyman VSMo of Cheibriados (Shoals:1)
  3 entropy weavers
  3 yaktaur captains
  A hydra (Lair:4)
  A catoblepas (Shoals:2)
  A merfolk avatar (Shoals:4)
  6 centaur warriors
  6 ogre magi
  2 merfolk aquamancers (Shoals:4)
  2 dancing weapons (D:14)
  An alligator snapping turtle (Shoals:4)
  2 death yaks (Shoals:2)
  A queen ant (Lair:2)
  3 tengu warriors
  2 satyrs
  A deep troll shaman (Vaults:4)
  A deep troll earth mage (Vaults:1)
  3 deep elf knights
  A shadow wraith (Vaults:4)
  4 skeletal warriors (D:14)
  A hell knight (D:15)
  6 sea snakes
  5 deep trolls
  2 unseen horrors
  A phantasmal warrior (Crypt:1)
  9 deep elf summoners
  12 harpies
  6 deep elf conjurers
  10 orc knights
  4 orc sorcerers (Orc:4)
  4 ironbrand convokers
  The ghost of Shufflesack the Carver, a novice MiGl of Qazlal (Ossuary)
  A necromancer (Vaults:5)
  7 orb spiders
  9 hornets
  5 manticores
  17 ugly things
  23 wolf spiders
  9 cyclopes
  An oklob plant (D:15)
  10 fauns
  The ghost of jacquesderrida the Summoner, a novice DsSu of Ashenzari (D:9)
  A moth of wrath (Spider:4)
  A wolf spider zombie (D:15)
  5 griffons
  An octopode (shapeshifter) (Vaults:4)
  8 elephants
  Maurice (D:9)
  A black mamba (Lair:3)
  5 vault sentinels (Vaults:4)
  A water nymph (Shoals:2)
  4 sirens
  A stone giant skeleton (Vaults:5)
  13 yaktaurs
  4 demonic crawlers
  A komodo dragon (Lair:5)
  5 spiny frogs
  A queen bee (Lair:3)
  The ghost of pipel the Skirmisher, a novice VSBe of Trog (D:10)
  2 tengu conjurers
  5 trolls
  A human skeleton (Vaults:5)
  4 deep elf priests
  A red draconian skeleton (Crypt:1)
  10 merfolk
  25 jumping spiders
  2 freezing wraiths (Vaults:4)
  A shadow dragon simulacrum (Vaults:5)
  Grinder (D:5)
  7 two-headed ogres
  23 blink frogs
  2 boulder beetles
  A frost giant simulacrum (Vaults:5)
  10 slime creatures
  7 snapping turtles
  A hornet zombie (D:14)
  37 redbacks
  2 wraiths (Orc:3)
  24 trapdoor spiders
  16 tarantellas
  A water elemental (Shoals:4)
  A shadow (D:15)
  6 deep elf magi
  A hungry ghost (D:8)
  A mottled dragon (D:15)
  16 deep elf fighters
  5 vampire mosquitoes
  8 hippogriffs
  A golden eye (shapeshifter) (Vaults:4)
  26 yaks
  3 basilisks
  5 fire elementals (D:14)
  7 wolves (Lair:3)
  6 soldier ants
  2 large abominations (Elf:1)
  9 wargs
  7 water moccasins
  3 sky beasts
  Duvessa (D:5)
  12 porcupines
  32 orc warriors
  6 ice beasts
  2 black bears
  2 hell hounds (D:14)
  2 eyes of draining
  5 spiders
  5 phantoms
  5 wasps
  23 ogres
  5 boggarts
  7 centaurs
  A big kobold (D:10)
  9 crocodiles
  Blork the orc (D:5)
  5 elf zombies (Elf:1)
  Dowan (D:5)
  A water moccasin zombie (D:5)
  A water moccasin skeleton (Crypt:1)
  6 scorpions
  19 giant frogs
  44 killer bees
  8 wights
  3 crimson imps
  2 giant frog zombies
  6 centaur zombies
  7 hounds
  2 jellies
  A quasit (D:3)
  A giant frog skeleton (D:6)
  A human zombie (Ossuary)
  19 orc priests
  6 iguanas
  3 centaur skeletons
  Natasha (thrice) (D:4)
  26 worker ants
  20 orc wizards
  16 sheep
  4 big kobold zombies (Ossuary)
  2 mummies (Ossuary)
  Robin (D:2)
  7 gnolls
  A worker ant zombie (D:6)
  15 river rats
  14 adders
  6 white imps (IceCv)
  4 shadow imps
  4 ufetubi (IceCv)
  An adder zombie (D:5)
  A halfling zombie (Crypt:1)
  A sheep skeleton (Crypt:1)
  2 adder skeletons
  3 worms
  A giant gecko (D:11)
  114 orcs
  A ball python (D:1)
  6 bats
  4 giant cockroaches
  2 gnoll zombies (Ossuary)
  5 hobgoblins
  4 quokkas
  4 giant newts
  21 goblins
  A goblin zombie (Ossuary)
  3 hobgoblin zombies (Ossuary)
  22 jackals
  11 kobolds
  2 orc zombies (Ossuary)
  A quokka skeleton (D:5)
  6 rats
  A rat skeleton (Crypt:1)
  A crawling corpse (Vaults:4)
  2 plants
1219 creatures vanquished.

Vanquished Creatures (collateral kills)
  Nikola (Shoals:2)
  A deep elf sorcerer (Vaults:4)
  A large abomination (Vaults:4)
  Josephine (Orc:3)
  A vault guard (Vaults:5)
  2 hydras
  Harold (Orc:3)
  Erolcha (D:9)
  An ogre mage (Vaults:4)
  A deep troll earth mage (D:14)
  A deep elf knight (Elf:1)
  A deep troll (Vaults:4)
  3 harpies
  2 hill giants
  An orc knight (Orc:1)
  A sea snake (Shoals:1)
  A deep elf conjurer (Elf:1)
  A wolf spider (Spider:3)
  A faun (Shoals:2)
  A gargoyle (D:13)
  2 cyclopes
  A spiny frog (Lair:1)
  A deep elf priest (Vaults:4)
  2 blink frogs
  5 two-headed ogres
  2 wraiths (Orc:3)
  2 deep elf fighters (Elf:2)
  A vampire mosquito (D:13)
  A soldier ant (Lair:2)
  2 ogres (Vaults:4)
  4 orc warriors
  A phantom (D:12)
  A crocodile (Lair:2)
  A giant frog (Lair:2)
  2 killer bees
  A crimson imp (D:9)
  2 wights (D:12)
  A hound (D:9)
  A jelly (D:8)
  A worker ant (Lair:2)
  2 orc wizards
  An adder (D:10)
  A river rat (Lair:5)
  13 orcs
  A goblin (Orc:3)
  2 hobgoblins (Orc:3)
  3 kobolds
  3 crawling corpses (Vaults:4)
  A fungus (Lair:5)
85 creatures vanquished.

Vanquished Creatures (others)
  A hydra (D:14)
  A deep elf knight (Vaults:2)
  An unseen horror (D:15)
  A wolf spider (Spider:4)
  A spiny frog (Lair:6)
  A redback (Spider:4)
  3 deep elf fighters
  An orc warrior (Vaults:5)
  2 ogres
  A scorpion (D:10)
  An ufetubus (IceCv)
  2 white imps (IceCv)
  2 orcs
  8 fungi
  3 plants
29 creatures vanquished.

Grand Total: 1333 creatures vanquished

Notes
Turn   | Place    | Note
--------------------------------------------------------------
     0 | D:1      | jacquesderrida the Demonspawn Earth Elementalist began the quest for the Orb.
     0 | D:1      | Reached XP level 1. HP: 13/13 MP: 3/3
   121 | D:1      | Reached skill level 1 in Fighting
   170 | D:1      | Gained mutation: You are partially covered in slimy green scales (AC +2). [demonic ancestry]
   170 | D:1      | Reached XP level 2. HP: 8/22 MP: 1/5
   386 | D:2      | Reached XP level 3. HP: 9/28 MP: 0/6
   515 | D:2      | Reached skill level 3 in Fighting
   627 | D:2      | Noticed Robin
   647 | D:2      | Reached XP level 4. HP: 17/36 MP: 4/7
   688 | D:2      | Learned a level 2 spell: Stoneskin
   734 | D:2      | Killed Robin
   734 | D:2      | Reached skill level 4 in Fighting
   925 | D:2      | Found an opulent altar of Gozag.
  1073 | D:3      | Gained mutation: Your flesh is cold resistant. [demonic ancestry]
  1073 | D:3      | Reached XP level 5. HP: 27/43 MP: 0/8
  1540 | D:4      | Found a sacrificial altar of Ru.
  1557 | D:4      | Noticed Natasha
  1567 | D:4      | Killed Natasha
  1609 | D:4      | Found Ededanun's Jewellery Shop.
  1624 | D:4      | Found a staircase to the Ecumenical Temple.
  1631 | D:4      | Noticed an ogre
  1698 | D:4      | Killed an ogre
  1698 | D:4      | Reached skill level 5 in Fighting
  1698 | D:4      | Gained mutation: You have sharp toenails. [demonic ancestry]
  1698 | D:4      | Reached XP level 6. HP: 20/51 MP: 9/9
  1789 | D:4      | Found a basalt altar of Yredelemnul.
  1899 | Temple   | Entered the Ecumenical Temple
  1904 | Temple   | Became a worshipper of Makhleb the Destroyer
  1922 | D:4      | Noticed an ogre
  1941 | D:4      | Killed an ogre
  1961 | D:4      | Noticed Natasha
  1974 | D:4      | Killed Natasha
  1996 | D:4      | Noticed Natasha
  2000 | D:4      | Killed Natasha
  2028 | D:4      | Found Zicyhoos's Assorted Antiques.
  2045 | D:4      | Bought a scroll labeled EVENLE DALUNGE for 26 gold pieces
  2045 | D:4      | Bought a scroll labeled XIAXKOH OHEETH for 26 gold pieces
  2271 | D:5      | Entered Level 5 of the Dungeon
  2271 | D:5      | Noticed Dowan
  2271 | D:5      | Noticed Blork the orc
  2273 | D:5      | Noticed Duvessa
  2309 | D:4      | Found Paohetiu's Assorted Antiques.
  2343 | D:4      | Found a blossoming altar of Fedhas.
  2351 | D:4      | Bought a scroll labeled NIQUOS YXKAINO for 32 gold pieces
  2367 | D:4      | Bought the ring of Anoclem {rF+ Str+4 Slay+4 Stlth-} for 620 gold pieces
  2518 | D:5      | Reached XP level 7. HP: 47/57 MP: 10/10
  2520 | D:5      | Reached skill level 1 in Short Blades
  2564 | D:5      | Reached skill level 6 in Fighting
  2587 | D:5      | Killed Blork the orc
  2610 | D:5      | Killed Duvessa
  2704 | D:5      | Killed Dowan
  2704 | D:5      | Reached * piety under Makhleb
  2824 | D:5      | Reached skill level 5 in Dodging
  2848 | D:5      | Reached XP level 8. HP: 49/65 MP: 11/11
  3027 | D:6      | Noticed a two-headed ogre
  3206 | D:5      | Noticed Grinder
  3232 | D:5      | Reached skill level 7 in Fighting
  3239 | D:5      | Killed Grinder
  3239 | D:5      | Reached skill level 1 in Armour
  3585 | D:6      | Noticed jacquesderrida's ghost (amateur DsVM)
  3755 | D:7      | Reached ** piety under Makhleb
  3788 | D:7      | Reached skill level 8 in Fighting
  3788 | D:7      | Reached XP level 9. HP: 60/74 MP: 12/12
  3823 | D:7      | Found Sesew's General Store.
  3910 | D:7      | Found Funkog's Weapon Emporium.
  3940 | D:7      | Found Lebis's Jewellery Shoppe.
  3961 | D:7      | Found Leprytiu's Weapon Shop.
  3990 | D:7      | Found Tyaf's Jewellery Shop.
  3999 | D:7      | Bought a cursed amulet of inaccuracy for 28 gold pieces
  4073 | D:7      | You fall through a shaft for 3 floors!
  4073 | D:10     | Entered Level 10 of the Dungeon
  4283 | D:10     | Noticed pipel's ghost (novice VSBe)
  4558 | D:8      | Learned a level 2 spell: Repel Missiles
  4640 | D:8      | Reached *** piety under Makhleb
  4688 | D:8      | Found a sand-covered staircase.
  4711 | Ossuary  | Entered an ossuary
  4720 | Ossuary  | Noticed Shufflesack's ghost (novice MiGl)
  4752 | Ossuary  | Killed Shufflesack's ghost
  4752 | Ossuary  | Reached skill level 9 in Fighting
  4840 | Ossuary  | Reached skill level 5 in Armour
  4969 | D:8      | Noticed kaze's ghost (novice MiFi)
  5014 | D:8      | PASHOL NA HOOOOOOY
  5062 | D:8      | Reached **** piety under Makhleb
  5075 | D:8      | Gained mutation: A weak demonic guardian rushes to your aid. [demonic ancestry]
  5075 | D:8      | Reached XP level 10. HP: 43/83 MP: 13/13
  5354 | D:7      | PASHLI HA HOOOOOOY
  5451 | D:9      | Found a staircase to the Orcish Mines.
  5456 | D:9      | PIDARYYYYY
  5614 | D:9      | Reached skill level 1 in Invocations
  5629 | Orc:1    | Entered Level 1 of the Orcish Mines
  5696 | Orc:1    | YA ZNAYU!!!!!
  5815 | Orc:2    | Noticed a cyclops
  5816 | Orc:2    | NA HOOOOOOOOOOOOOY
  5848 | D:9      | Noticed Maurice
  5869 | D:9      | Killed Maurice
  5889 | D:9      | Noticed jacquesderrida's ghost (novice DsSu)
  5890 | D:9      | PIDAAAAAAAAAAR
  5890 | D:9      | PASHOL NA HOOOOOOOY
  5996 | D:8      | CHET LOGAIT SUK PZDC
  6059 | D:8      | Reached ***** piety under Makhleb
  6077 | D:8      | SPS
  6119 | D:8      | Found a shimmering altar of Xom.
  6129 | D:8      | HAI
  6140 | D:8      | LOX!!!
  6410 | D:9      | LOH!
  6467 | D:9      | Reached skill level 10 in Fighting
  6474 | D:9      | Found a glowing silver altar of Zin.
  6523 | D:9      | Noticed Erolcha
  6525 | D:9      | BLYATTTTTTTTTTTTTTTTT
  6528 | D:9      | PIDAR
  6541 | D:8      | MRAZIIIIIIIIIIIIIII
  6681 | D:9      | VIEBU!
  6782 | D:10     | Found Yfac's Gadget Emporium.
  6807 | D:10     | Identified the Tome of Frigorific Benedictions
  6808 | D:10     | LAL
  6887 | D:10     | LAL!!!!!!!!!!
  6887 | D:10     | NAICE
  6909 | D:10     | Reached skill level 5 in Invocations
  7243 | D:11     | Learned a level 3 spell: Regeneration
  7253 | D:11     | Gained mutation: You have razor-sharp toenails. [demonic ancestry]
  7253 | D:11     | Reached XP level 11. HP: 69/92 MP: 14/14
  7266 | D:11     | Reached skill level 1 in Necromancy
  7287 | D:11     | Found a frozen archway.
  7302 | IceCv    | Entered an ice cave
  7327 | IceCv    | Reached skill level 1 in Charms
  7445 | IceCv    | V PIZDU
  7484 | D:11     | Got a pitted whip
  7486 | D:11     | Identified the +3 whip of Lerhaidd {slash, rC- Int+6} (You found it on level 11 of the Dungeon)
  7684 | D:11     | Noticed an unseen horror
  7688 | D:11     | MRAZ!!!!
  7694 | D:11     | Killed an unseen horror
  7694 | D:11     | Reached skill level 1 in Long Blades
  7703 | D:11     | Noticed a hill giant
  7713 | D:11     | Killed a hill giant
  7770 | D:11     | GDE LAIR BLYAT!!!
  7906 | D:9      | YOLO!!!!!!!!!!!!!!!!!!!
  7906 | D:9      | Noticed a blizzard demon
  7961 | D:10     | Killed pipel's ghost
  7994 | D:9      | Found Bidecvue's Distillery.
  7999 | D:9      | Bought 2 potions of heal wounds for 150 gold pieces
  7999 | D:9      | Bought 2 potions of might for 120 gold pieces
  8021 | D:9      | Learned a level 2 spell: Blink
  8135 | D:8      | Found a staircase to the Lair.
  8142 | Lair:1   | Entered Level 1 of the Lair of Beasts
  8239 | Lair:1   | Found a basalt altar of Yredelemnul.
  8407 | Lair:2   | BLYA CHE
  8423 | Lair:2   | MRAZ
  8447 | Lair:2   | Noticed a queen ant
  8469 | Lair:2   | Killed a queen ant
  8641 | Lair:2   | Reached ****** piety under Makhleb
  8641 | Lair:2   | Reached skill level 5 in Necromancy
  8737 | Lair:2   | AYYYYYYYYYYYYYYY
  8793 | Lair:2   | ZAEBALO
  9105 | Lair:2   | Reached skill level 5 in Long Blades
  9170 | Lair:2   | Reached XP level 12. HP: 72/98 MP: 18/18
  9608 | D:9      | Killed jacquesderrida's ghost
  9622 | D:9      | Killed Erolcha
  9622 | D:9      | Reached skill level 11 in Fighting
  9887 | Orc:2    | Killed a cyclops
 10606 | Orc:3    | Noticed Josephine
 10622 | Orc:3    | Killed Josephine
 10626 | Orc:3    | Noticed Harold
 10643 | Orc:3    | Killed Harold
 10819 | Orc:3    | Found a bloodstained altar of Trog.
 10954 | Orc:4    | Entered Level 4 of the Orcish Mines
 10982 | Orc:4    | Found Coekav's Antique Weapon Shop.
 11098 | Orc:1    | Noticed an orc knight
 11135 | Orc:1    | Killed an orc knight
 11337 | D:12     | Noticed a centaur warrior
 11768 | D:12     | Killed a centaur warrior
 11976 | D:13     | Noticed a centaur warrior
 11983 | D:13     | Noticed a centaur warrior
 11988 | D:13     | Killed a centaur warrior
 11998 | D:13     | Killed a centaur warrior
 12024 | D:13     | Noticed a centaur warrior
 12034 | D:13     | Killed a centaur warrior
 12034 | D:13     | Reached XP level 13. HP: 106/106 MP: 14/19
 12337 | D:14     | Found a runed door.
 12769 | D:4      | Bought the amulet of Nebbos {Clar MR++ Str+4 Int+3} for 551 gold pieces
 13015 | Orc:4    | Found Tyge's Jewellery Shop.
 13236 | Orc:4    | Found Pumu's Book Boutique.
 13283 | Orc:4    | Noticed an orc warlord
 13316 | Orc:4    | Killed an orc warlord
 13316 | Orc:4    | Reached skill level 10 in Armour
 13370 | Orc:4    | Found Pyntonkocul's General Store.
 13378 | Orc:4    | Bought a scroll of acquirement for 728 gold pieces
 13400 | Orc:4    | Bought a scroll of identify for 28 gold pieces
 13435 | Orc:4    | Found a staircase to the Elven Halls.
 13464 | Orc:4    | Reached skill level 10 in Long Blades
 13492 | Orc:4    | Found Peeduf's Antique Armour Emporium.
 13500 | Orc:4    | Bought an ancient chain mail for 266 gold pieces
 13517 | Orc:4    | Identified the +1 chain mail of Luixevuh {SInv} (You bought it in a shop on level 4 of the Orcish Mines)
 13701 | Elf:1    | Entered Level 1 of the Elven Halls
 14243 | Elf:2    | Gained mutation: You are mostly covered in slimy green scales (AC +3). [demonic ancestry]
 14243 | Elf:2    | Reached XP level 14. HP: 114/114 MP: 20/20
 14262 | Elf:2    | Reached skill level 12 in Fighting
 14281 | Elf:2    | Noticed a deep elf sorcerer
 14436 | Elf:1    | Identified Cigotuvi's Tome of Darkness (You found it on level 1 of the Elven Halls)
 14542 | Orc:4    | Bought a scroll of enchant armour for 105 gold pieces
 14706 | Lair:1   | Learned a level 6 spell: Haste
 16211 | Lair:3   | Noticed Gastronok
 16227 | Lair:3   | Killed Gastronok
 16299 | Lair:3   | Found a hole to the Spider Nest.
 17116 | Lair:6   | Reached skill level 13 in Fighting
 17383 | Lair:6   | Found a staircase to the Shoals.
 17392 | Shoals:1 | Entered Level 1 of the Shoals
 17398 | Shoals:1 | Noticed pipel's ghost (journeyman VSMo)
 17419 | Shoals:1 | Learned a level 1 spell: Apportation
 17504 | Shoals:1 | Killed pipel's ghost
 17610 | Shoals:2 | Noticed Nikola
 17903 | Shoals:2 | Noticed Polyphemus
 17909 | Shoals:2 | Gained mutation: You have claws for feet. [demonic ancestry]
 17909 | Shoals:2 | Reached XP level 15. HP: 116/124 MP: 21/21
 17916 | Shoals:2 | Killed Polyphemus
 17916 | Shoals:2 | Reached skill level 1 in Shields
 17978 | Shoals:2 | Killed Nikola
 18233 | Shoals:3 | Found Jack's Jewellery Shoppe.
 18253 | Shoals:3 | Found Ehyih's Jewellery Boutique.
 18351 | Shoals:3 | Noticed a titan
 18374 | Shoals:3 | Killed a titan
 18456 | Shoals:3 | Bought an uncursed ring of flight for 227 gold pieces
 18621 | Shoals:4 | Entered Level 4 of the Shoals
 18625 | Shoals:4 | Noticed Ilsuiw
 18721 | Shoals:4 | Killed Ilsuiw
 18775 | Shoals:4 | Reached skill level 5 in Shields
 19219 | Shoals:4 | Got a barnacled rune of Zot
 19253 | Shoals:3 | POLNY PIZDEC!
 19664 | D:9      | Bought a potion of heal wounds for 75 gold pieces
 19664 | D:9      | Bought a potion of curing for 45 gold pieces
 19664 | D:9      | Bought a potion of curing for 45 gold pieces
 19736 | Orc:4    | Bought the ring "Viqelug" {rPois rF+ MR++ MP-9 Stlth+} for 632 gold pieces
 19895 | Spider:1 | Entered Level 1 of the Spider Nest
 20001 | Spider:1 | Reached skill level 5 in Charms
 20001 | Spider:1 | Gained mutation: You are robust (+10% HP). [demonic ancestry]
 20001 | Spider:1 | Reached XP level 16. HP: 140/145 MP: 5/22
 20184 | Spider:2 | Reached skill level 14 in Fighting
 20935 | Spider:4 | Entered Level 4 of the Spider Nest
 21002 | Spider:4 | Noticed Agnes
 21010 | Spider:4 | Killed Agnes
 21152 | Spider:4 | Noticed Arachne
 21190 | Spider:4 | Killed Arachne
 21265 | Spider:4 | HAI
 21824 | Spider:4 | Reached skill level 15 in Fighting
 21983 | Spider:4 | Got a gossamer rune of Zot
 22127 | Spider:1 | Gained mutation: You are immune to freezing clouds. [demonic ancestry]
 22127 | Spider:1 | Reached XP level 17. HP: 156/156 MP: 14/23
 22612 | D:14     | Noticed Azrael
 22632 | D:14     | Killed Azrael
 22647 | D:14     | Found a gate to the Vaults.
 22711 | Vaults:1 | Entered Level 1 of the Vaults
 22765 | D:14     | Reached skill level 5 in Spellcasting
 22780 | D:14     | Noticed Frances
 22792 | D:14     | Killed Frances
 22837 | D:14     | Noticed Louise
 22881 | D:14     | Killed Louise
 23050 | D:15     | Entered Level 15 of the Dungeon
 23163 | D:15     | Found a shadowy altar of Dithmenos.
 23357 | D:15     | Found a staircase to the Depths.
 23773 | Vaults:2 | Reached skill level 10 in Dodging
 23989 | Vaults:1 | Noticed an Ice Fiend
 24270 | Vaults:3 | Found a staircase to the Crypt.
 24270 | Vaults:3 | Found a basalt altar of Yredelemnul.
 24270 | Vaults:3 | Found an ancient bone altar of Kikubaaqudgha.
 24277 | Crypt:1  | Entered Level 1 of the Crypt
 24369 | Crypt:1  | Reached skill level 16 in Fighting
 24606 | Vaults:4 | Gained mutation: A demonic guardian rushes to your aid. [demonic ancestry]
 24606 | Vaults:4 | Reached XP level 18. HP: 128/166 MP: 24/28
 24680 | Vaults:4 | Reached skill level 10 in Charms
 25013 | Vaults:4 | Noticed a Brimstone Fiend
 25113 | Vaults:5 | Entered Level 5 of the Vaults
 25159 | Vaults:5 | Gained mutation: A meltable icy envelope protects you from harm (AC +0). [demonic ancestry]
 25159 | Vaults:5 | Reached XP level 19. HP: 174/174 MP: 26/32
 25179 | Vaults:5 | Noticed a golden dragon
 25220 | Vaults:5 | Reached skill level 17 in Fighting
 25275 | Vaults:5 | Mangled by a vault warden

Action                   |  1- 3 |  4- 6 |  7- 9 | 10-12 | 13-15 | 16-18 | 19-21 || total
-------------------------+-------+-------+-------+-------+-------+-------+-------++-------
Melee: Whip              |    45 |    60 |       |       |       |       |       ||   105
       Dagger            |       |   115 |   439 |  1102 |    31 |       |       ||  1687
       Long sword        |       |       |       |   100 |    69 |       |       ||   169
       Scimitar          |       |       |       |     5 |     8 |       |       ||    13
       Katana            |       |       |       |       |  1111 |  1374 |    53 ||  2538
 Fire: Blowgun           |       |    22 |     6 |    15 |       |    15 |       ||    58
Throw: Throwing net      |       |       |     2 |       |       |       |       ||     2
 Cast: Sandblast         |    39 |    25 |     3 |     4 |     3 |       |       ||    74
       Stoneskin         |       |     3 |     2 |     8 |     7 |     6 |       ||    26
       Repel Missiles    |       |       |     1 |     4 |    12 |     4 |     1 ||    22
       Regeneration      |       |       |       |    37 |    79 |    27 |     3 ||   146
       Blink             |       |       |       |     1 |     1 |     1 |       ||     3
       Haste             |       |       |       |       |       |     1 |     2 ||     3
Invok: Lesser Servant of |       |       |       |    15 |    24 |     4 |       ||    43
       Greater Servant o |       |       |       |     1 |       |       |       ||     1
 Abil: Evoke Flight      |       |       |       |       |     3 |       |       ||     3
Evoke: Wand              |       |       |       |    16 |    19 |    27 |       ||    62
       Sack of spiders   |       |       |       |     6 |     9 |       |       ||    15
  Use: Scroll            |     7 |     7 |     7 |    11 |    18 |     9 |     1 ||    60
       Potion            |     2 |     2 |     6 |     4 |    11 |     9 |     1 ||    35
 Stab: Distracted        |       |       |       |     9 |    10 |     6 |       ||    25
       Sleeping          |       |       |       |       |     1 |     3 |       ||     4
       Paralysed         |       |       |       |       |     5 |       |       ||     5
       Confused          |       |       |       |       |       |     1 |       ||     1
       Betrayed ally     |       |       |       |       |       |     1 |       ||     1
  Eat: Chunk             |       |     7 |    10 |    25 |    27 |     2 |       ||    71
       Fruit             |       |       |       |     3 |     4 |       |       ||     7
       Beef jerky        |       |       |       |     3 |       |     1 |       ||     4
       Royal jelly       |       |       |       |     1 |     8 |     5 |       ||    14
       Pizza             |       |       |       |       |     1 |     1 |       ||     2
       Meat ration       |       |       |       |       |       |     2 |       ||     2
